MWL (24 & UNDER)
PLUMSTEAD EAGLES @ WISCONSIN RAPIDS RANGERS
09/10/2026
 
TOP OF THE 1ST
Plumstead Eagles batting - Pitching for Wisconsin Rapids Rangers : LHP Ron Huggins
Pitching: LHP Ron Huggins
Batting: LHB Víctor Peña 0-0: Ground out 4-3 (Groundball, 4)
Batting: RHB Carlos Palomón 0-0: Ball
1-0: Swinging Strike
1-1: Swinging Strike
1-2: Foul Ball, location: 2F
1-2: Strikes out swinging
Batting: RHB J.J. Leslie 0-0: Fly out, F8 (Popup, 4MD)
Top of the 1st over - 0 run(s), 0 hit(s), 0 error(s), 0 left on base; Plumstead 0 - Wisconsin Rapids 0
BOTTOM OF THE 1ST
Wisconsin Rapids Rangers batting - Pitching for Plumstead Eagles : RHP Keith Fitzgerald
Pitching: RHP Keith Fitzgerald
Batting: SHB José González 0-0: Foul Ball, location: 2F
0-1: Called Strike
0-2: Ground out 2-3 (Groundball, 2L)
Batting: LHB Ronald Gordon 0-0: Called Strike
0-1: Ball
1-1: Swinging Strike
1-2: Strikes out looking
Batting: RHB Hunter Plunket 0-0: Ball
1-0: Foul Ball, location: 2F
1-1: Called Strike
1-2: Foul Ball, location: 2F
1-2: Ball
2-2: Strikes out swinging
Bottom of the 1st over - 0 run(s), 0 hit(s), 0 error(s), 0 left on base; Plumstead 0 - Wisconsin Rapids 0
TOP OF THE 2ND
Plumstead Eagles batting - Pitching for Wisconsin Rapids Rangers : LHP Ron Huggins
Batting: RHB Juan Caceres 0-0: Foul Ball, location: 2F
0-1: Ball
1-1: Ball
2-1: Foul Ball, location: 2F
2-2: Ball
3-2: Strikes out looking
Batting: RHB Ethan Moore 0-0: Called Strike
0-1: Called Strike
0-2: Strikes out looking
Batting: RHB Kolomon Meise 0-0: Ball
1-0: Swinging Strike
1-1: Ball
2-1: SINGLE (Line Drive, 8RS)
Batting: RHB Jeff Townsley 0-0: SINGLE (Line Drive, 4D)
Kolomon Meise to second
Runner from 2nd tries for 3rd, SAFE, throw made to third
Batting: RHB Wilson Durán 0-0: Ball
1-0: Called Strike
1-1: Swinging Strike
1-2: Foul Ball, location: 2F
1-2: SINGLE (Groundball, 4MS) (infield hit)
Kolomon Meise scores
Jeff Townsley to second
Batting: SHB Arturo Sánchez 0-0: Ball
1-0: SINGLE (Groundball, 23) (infield hit)
Jeff Townsley to third
Wilson Durán to second
Batting: LHB Víctor Peña 0-0: Swinging Strike
0-1: Ball
Passed Ball!
Jeff Townsley scores
Wilson Durán to third
Arturo Sánchez to second
1-1: Foul Ball, location: 2F
1-2: Ball
2-2: Foul Ball, location: 2F
2-2: Foul Ball, location: 2F
2-2: SINGLE (Groundball, 34D)
Wilson Durán scores
Arturo Sánchez to third
Runner from 3rd tries for Home, SAFE, no throw or cutoff
Batting: RHB Carlos Palomón 0-0: Ball
1-0: Ball
2-0: Called Strike
2-1: Ground out 5-3 (Groundball, 56)
Top of the 2nd over - 4 run(s), 5 hit(s), 0 error(s), 1 left on base; Plumstead 4 - Wisconsin Rapids 0
BOTTOM OF THE 2ND
Wisconsin Rapids Rangers batting - Pitching for Plumstead Eagles : RHP Keith Fitzgerald
Batting: LHB Luis Rodríguez 0-0: Ball
1-0: Called Strike
1-1: Ball
2-1: Ball
3-1: Base on Balls
Batting: SHB Forest Cruz 0-0: Ball
1-0: Ball
2-0: Ball
3-0: Called Strike
3-1: Base on Balls
Luis Rodríguez to second
Batting: RHB Salvador Vázquez 0-0: Foul Ball, location: 2F
0-1: Ball
1-1: Ball
2-1: Ball
3-1: SINGLE (Line Drive, 89S)
Luis Rodríguez to third
Forest Cruz to second
Batting: RHB Luis López 0-0: Called Strike
0-1: Ball
1-1: Ball
2-1: Swinging Strike
2-2: SINGLE (Line Drive, 56)
Luis Rodríguez scores
Forest Cruz to third
Salvador Vázquez to second
Runner from 3rd tries for Home, SAFE, no throw or cutoff
Batting: RHB Eric Thompson 0-0: Ball
Salvador Vázquez steals 3rd base
Luis López to second
1-0: Called Strike
1-1: Ground out 4-3 (Groundball, 6M)
Salvador Vázquez scores
Luis López to third
Batting: RHB Pedro Ramírez 0-0: Fly out, F8 (Flyball, 8RM)
Runner from 3rd tags up, SCORES, throw made
Batting: SHB José González 0-0: Called Strike
0-1: Foul Ball, location: 2F
0-2: Ball
1-2: Strikes out swinging
Bottom of the 2nd over - 4 run(s), 2 hit(s), 0 error(s), 0 left on base; Plumstead 4 - Wisconsin Rapids 4
TOP OF THE 3RD
Plumstead Eagles batting - Pitching for Wisconsin Rapids Rangers : LHP Ron Huggins
Batting: RHB J.J. Leslie 0-0: Ball
1-0: Foul Ball, location: 2F
1-1: Ball
2-1: DOUBLE (Flyball, 7D)
Batting: RHB Juan Caceres 0-0: Swinging Strike
0-1: Called Strike
0-2: Strikes out looking
Batting: RHB Ethan Moore 0-0: Fly out, F4 (Popup, 34)
Batting: RHB Kolomon Meise 0-0: Ball
1-0: Foul Ball, location: 2F
1-1: Ball
2-1: Ball
Wild Pitch!
J.J. Leslie to third
3-1: Base on Balls
Batting: RHB Jeff Townsley 0-0: Ball
1-0: Ball
2-0: Ground out 1-3 (Groundball, 13)
Top of the 3rd over - 0 run(s), 1 hit(s), 0 error(s), 2 left on base; Plumstead 4 - Wisconsin Rapids 4
BOTTOM OF THE 3RD
Wisconsin Rapids Rangers batting - Pitching for Plumstead Eagles : RHP Keith Fitzgerald
Batting: LHB Ronald Gordon 0-0: Ball
1-0: Foul Ball, location: 2F
1-1: SINGLE (Groundball, 4MD)
Batting: RHB Hunter Plunket 0-0: SINGLE (Groundball, 56D)
Ronald Gordon to second
Batting: LHB Luis Rodríguez 0-0: Called Strike
0-1: Ball
1-1: Fly out, F8 (Flyball, 8RS)
Batting: SHB Forest Cruz 0-0: Swinging Strike
0-1: Foul Ball, location: 2F
0-2: Strikes out swinging
Batting: RHB Salvador Vázquez 0-0: Called Strike
0-1: Swinging Strike
0-2: Ball
1-2: Foul Ball, location: 2F
1-2: Ball
2-2: Foul Ball, location: 2F
2-2: Ball
3-2: Strikes out swinging
Bottom of the 3rd over - 0 run(s), 2 hit(s), 0 error(s), 2 left on base; Plumstead 4 - Wisconsin Rapids 4
TOP OF THE 4TH
Plumstead Eagles batting - Pitching for Wisconsin Rapids Rangers : LHP Ron Huggins
Batting: RHB Wilson Durán 0-0: Foul Ball, location: 2F
0-1: Bunt missed!
0-2: Foul Ball, location: 2F
0-2: Strikes out swinging
Batting: SHB Arturo Sánchez 0-0: SINGLE (Groundball, 34S)
Batting: LHB Víctor Peña 0-0: Ball
1-0: Hit by Pitch
Arturo Sánchez to second
Batting: RHB Carlos Palomón 0-0: Called Strike
Arturo Sánchez steals 3rd base
Víctor Peña to second
0-1: Ball
1-1: Ground out 5-3 (Groundball, 56S)
Batting: RHB J.J. Leslie 0-0: Intentional Walk
Batting: RHB Juan Caceres 0-0: Swinging Strike
0-1: Ball
1-1: Ball
2-1: Ball
3-1: Fly out, F9 (Popup, 4D)
Top of the 4th over - 0 run(s), 1 hit(s), 0 error(s), 3 left on base; Plumstead 4 - Wisconsin Rapids 4
BOTTOM OF THE 4TH
Wisconsin Rapids Rangers batting - Pitching for Plumstead Eagles : RHP Keith Fitzgerald
Batting: RHB Luis López 0-0: Called Strike
0-1: Called Strike
0-2: Ball
1-2: Foul Ball, location: 2F
1-2: Reached on error, E3 (Groundball, 3L)
Batting: RHB Eric Thompson 0-0: Called Strike
0-1: Grounds into double play, U6-3 (Groundball, 6)
Batting: RHB Pedro Ramírez 0-0: Swinging Strike
0-1: Foul Ball, location: 2F
0-2: Ball
1-2: Foul Ball, location: 2F
1-2: Strikes out swinging
Bottom of the 4th over - 0 run(s), 0 hit(s), 1 error(s), 0 left on base; Plumstead 4 - Wisconsin Rapids 4
TOP OF THE 5TH
Plumstead Eagles batting - Pitching for Wisconsin Rapids Rangers : LHP Ron Huggins
Batting: RHB Ethan Moore 0-0: Ball
1-0: TRIPLE (Groundball, 5L)
Batting: RHB Kolomon Meise 0-0: Intentional Walk
Batting: RHB Jeff Townsley 0-0: Called Strike
0-1: Called Strike
0-2: Strikes out swinging
Batting: RHB Wilson Durán 0-0: Called Strike
0-1: Ball
1-1: Foul Ball, location: 2F
1-2: Ball
2-2: Ball
3-2: Strikes out swinging
Pitching: LHP Luis Cota
Batting: SHB Arturo Sánchez 0-0: Called Strike
0-1: Ball
1-1: Ball
2-1: Swinging Strike
2-2: DOUBLE (Line Drive, 9LS)
Ethan Moore scores
Kolomon Meise to third
Batting: LHB Víctor Peña 0-0: Called Strike
0-1: Ball
1-1: Called Strike
1-2: Strikes out swinging
Top of the 5th over - 1 run(s), 2 hit(s), 0 error(s), 2 left on base; Plumstead 5 - Wisconsin Rapids 4
BOTTOM OF THE 5TH
Wisconsin Rapids Rangers batting - Pitching for Plumstead Eagles : RHP Keith Fitzgerald
Batting: SHB José González 0-0: SINGLE (Line Drive, 56D)
Batting: LHB Ronald Gordon 0-0: Called Strike
0-1: Swinging Strike
0-2: Ball
1-2: Ball
2-2: Reached on error, E5 (Groundball, 56)
José González to second
Batting: RHB Hunter Plunket 0-0: Foul Ball, location: 2F
0-1: Fly out, F9 (Flyball, 9M)
Batting: LHB Luis Rodríguez 0-0: SINGLE (Groundball, 34D) - runner OUT being hit by batted ball.
José González to third
Batting: SHB Forest Cruz 0-0: Swinging Strike
0-1: Ball
1-1: Foul Ball, location: 2F
1-2: Ball
2-2: Foul Ball, location: 2F
2-2: Strikes out swinging
Bottom of the 5th over - 0 run(s), 2 hit(s), 1 error(s), 2 left on base; Plumstead 5 - Wisconsin Rapids 4
TOP OF THE 6TH
Plumstead Eagles batting - Pitching for Wisconsin Rapids Rangers : LHP Luis Cota
Batting: RHB Carlos Palomón 0-0: Fly out, F7 (Flyball, 78M)
Batting: RHB J.J. Leslie 0-0: Ball
1-0: Called Strike
1-1: Foul Ball, location: 2F
1-2: Foul Ball, location: 2F
1-2: Ball
2-2: Ball
3-2: DOUBLE (Line Drive, 5D)
Batting: RHB Juan Caceres 0-0: Intentional Walk
Batting: RHB Ethan Moore 0-0: Ball
1-0: Called Strike
1-1: Fly out, F8 (Flyball, 8RXD)
Runner from 2nd tags up, SAFE at 3rd, no throw
Batting: RHB Kolomon Meise 0-0: Ball
1-0: DOUBLE (Flyball, 8RXD)
J.J. Leslie scores
Juan Caceres to third
Runner from 3rd tries for Home, throw and OUT!
Top of the 6th over - 1 run(s), 2 hit(s), 0 error(s), 1 left on base; Plumstead 6 - Wisconsin Rapids 4
BOTTOM OF THE 6TH
Wisconsin Rapids Rangers batting - Pitching for Plumstead Eagles : RHP Keith Fitzgerald
Pitching: LHP Joe Cates
Batting: RHB Salvador Vázquez 0-0: Ball
1-0: Swinging Strike
1-1: Ball
2-1: Foul Ball, location: 2F
2-2: Ball
3-2: Fly out, F5 (Line Drive, 5)
Batting: RHB Luis López 0-0: Foul Ball, location: 2F
0-1: Called Strike
0-2: Ball
1-2: Ball
2-2: Foul Ball, location: 2F
2-2: Fly out, F8 (Flyball, 8LM)
Batting: RHB Eric Thompson 0-0: TRIPLE (Line Drive, 89D)
Batting: RHB Pedro Ramírez 0-0: Foul Ball, location: 2F
0-1: Foul Ball, location: 2F
0-2: Foul Ball, location: 2F
0-2: Ball
1-2: Ball
2-2: Foul Ball, location: 2F
2-2: Foul Ball, location: 2F
2-2: Ball
3-2: Foul Ball, location: 2F
3-2: Foul Ball, location: 2F
3-2: Strikes out looking
Bottom of the 6th over - 0 run(s), 1 hit(s), 0 error(s), 1 left on base; Plumstead 6 - Wisconsin Rapids 4
TOP OF THE 7TH
Plumstead Eagles batting - Pitching for Wisconsin Rapids Rangers : LHP Luis Cota
Batting: RHB Jeff Townsley 0-0: Foul Ball, location: 2F
0-1: SOLO HOME RUN (Line Drive, 78XD), Distance : 390 ft
Batting: RHB Wilson Durán 0-0: Ball
1-0: Called Strike
1-1: Fly out, F9 (Flyball, 89S)
Pitching: RHP Michael Peterson
Batting: SHB Arturo Sánchez 0-0: Called Strike
0-1: Ball
1-1: Foul Ball, location: 2F
1-2: Ball
2-2: Strikes out looking
Batting: LHB Víctor Peña 0-0: Ball
1-0: Fly out, F9 (Flyball, 89D)
Top of the 7th over - 1 run(s), 1 hit(s), 0 error(s), 0 left on base; Plumstead 7 - Wisconsin Rapids 4
BOTTOM OF THE 7TH
Wisconsin Rapids Rangers batting - Pitching for Plumstead Eagles : LHP Joe Cates
Batting: SHB José González 0-0: Ball
1-0: Called Strike
1-1: Ball
2-1: Foul Ball, location: 2F
2-2: Foul Ball, location: 2F
2-2: Strikes out swinging
Batting: LHB Ronald Gordon 0-0: Ball
1-0: Fly out, F7 (Popup, 7S)
Batting: RHB Hunter Plunket 0-0: SINGLE (Flyball, 9LM)
Pitching: LHP Stu McGuire
Batting: LHB Luis Rodríguez 0-0: Called Strike
0-1: Swinging Strike
0-2: Ball
1-2: Foul Ball, location: 2F
1-2: Foul Ball, location: 2F
1-2: Foul Ball, location: 2F
1-2: Hit by Pitch
Hunter Plunket to second
Batting: SHB Forest Cruz 0-0: Called Strike
0-1: Swinging Strike
0-2: Ball
1-2: Ground out 4-3 (Groundball, 4)
Bottom of the 7th over - 0 run(s), 1 hit(s), 0 error(s), 2 left on base; Plumstead 7 - Wisconsin Rapids 4
TOP OF THE 8TH
Plumstead Eagles batting - Pitching for Wisconsin Rapids Rangers : RHP Michael Peterson
Batting: RHB Carlos Palomón 0-0: Swinging Strike
0-1: Called Strike
0-2: Foul Ball, location: 2F
0-2: Ball
1-2: Ball
2-2: Strikes out looking
Batting: RHB J.J. Leslie 0-0: Swinging Strike
0-1: Fly out, F9 (Flyball, 9D)
Batting: RHB Juan Caceres 0-0: Ball
1-0: Ball
2-0: Ground out 1-3 (Groundball, 15)
Top of the 8th over - 0 run(s), 0 hit(s), 0 error(s), 0 left on base; Plumstead 7 - Wisconsin Rapids 4
BOTTOM OF THE 8TH
Wisconsin Rapids Rangers batting - Pitching for Plumstead Eagles : LHP Stu McGuire
Batting: RHB Salvador Vázquez 0-0: Ball
1-0: Ball
2-0: Called Strike
2-1: Ball
3-1: Base on Balls
Batting: RHB Luis López 0-0: Swinging Strike
0-1: Foul Ball, location: 2F
0-2: Strikes out swinging
Batting: RHB Eric Thompson 0-0: Ball
1-0: Foul Ball, location: 2F
1-1: Ball
2-1: Foul Ball, location: 2F
2-2: Strikes out looking
Batting: RHB Pedro Ramírez 0-0: Ball
1-0: Swinging Strike
1-1: Foul Ball, location: 2F
1-2: Ball
2-2: Ground out 6-3 (Groundball, 6)
Bottom of the 8th over - 0 run(s), 0 hit(s), 0 error(s), 1 left on base; Plumstead 7 - Wisconsin Rapids 4
TOP OF THE 9TH
Plumstead Eagles batting - Pitching for Wisconsin Rapids Rangers : RHP Michael Peterson
Batting: RHB Ethan Moore 0-0: Fly out, F8 (Flyball, 8RD)
Pitching: RHP Pablo Lima
Batting: RHB Kolomon Meise 0-0: Ball
1-0: Ball
2-0: Called Strike
2-1: Ground out 2-3 (Groundball, 15S)
Batting: RHB Jeff Townsley 0-0: Called Strike
0-1: Swinging Strike
0-2: Strikes out swinging
Top of the 9th over - 0 run(s), 0 hit(s), 0 error(s), 0 left on base; Plumstead 7 - Wisconsin Rapids 4
BOTTOM OF THE 9TH
Wisconsin Rapids Rangers batting - Pitching for Plumstead Eagles : LHP Stu McGuire
Pitching: LHP Holden Clark
Batting: SHB José González 0-0: Ball
1-0: Foul Ball, location: 2F
1-1: Foul Ball, location: 2F
1-2: Ball
2-2: Foul Ball, location: 2F
2-2: Strikes out swinging
Batting: LHB Ronald Gordon 0-0: Called Strike
0-1: Foul Ball, location: 2F
0-2: Ball
1-2: Ball
2-2: Strikes out looking
Batting: RHB Hunter Plunket 0-0: Swinging Strike
0-1: Swinging Strike
0-2: Foul Ball, location: 2F
0-2: Strikes out swinging
Bottom of the 9th over - 0 run(s), 0 hit(s), 0 error(s), 0 left on base; Plumstead 7 - Wisconsin Rapids 4
Monday, December 5th, 2016 - OOTP Baseball 17.12 Build 75